 Dungeon Crawl Stone Soup version 0.27.1-34-g3ba077fa99 (webtiles) character file.

Game seed: 13928926691269039058

24448 MisterFreud the Grappler (level 12, -6/126 HPs)
             Began as a Troll Berserker on Jan 22, 2022.
             Was a High Priest of Trog.
             Mangled by a seven-headed hydra (8 damage)
             ... on level 1 of the Lair of Beasts.
             The game lasted 00:17:40 (11427 turns).

MisterFreud the Grappler (Troll Berserker)         Turns: 11427, Time: 00:17:40

Health: -6/126     AC:  6    Str: 28    XL:     12   Next: 80%
Magic:  11/11      EV: 11    Int:  4    God:    Trog [*****.]
Gold:   655        SH:  0    Dex: 12    Spells: 11/11 levels left

rFire    . . .     SeeInvis .     - Unarmed
rCold    . . .     Faith    .   (no shield)
rNeg     . . .     Spirit   .   a - +0 animal skin
rPois    .         Reflect  .   (helmet restricted)
rElec    .         Harm     .   d - +1 cloak
rCorr    .         Rampage  .   (gloves unavailable)
Will     .....                  (boots unavailable)
Stlth    +.........             (no amulet)
HPRegen  1.31/turn              x - +4 ring of slaying
MPRegen  0.12/turn              y - +4 ring of slaying

@: studying Unarmed Combat
A: large, unfitting armour, claws 3, regeneration 1, shaggy fur 1, tough skin 1
a: Renounce Religion, Berserk, Trog's Hand, Brothers in Arms


You were on level 1 of the Lair of Beasts.
You worshipped Trog.
Trog was extremely pleased with you.
You visited 2 branches of the dungeon, and saw 14 of its levels.
You also visited: Sewer.

You collected 655 gold pieces.

Inventory:

Hand Weapons
 g - a +5 whip of freezing
Missiles
 o - 2 javelins
 p - 8 throwing nets
 q - 80 poisoned darts
 w - 12 boomerangs
 B - 11 atropa-tipped darts
 J - a curare-tipped dart
 O - 4 large rocks (quivered)
Armour
 a - a +0 animal skin (worn)
 d - a +1 cloak (worn)
 E - the +3 hat of Pondering {ponderous, Will+ MP+10 Int+5}
   (You found it on level 9 of the Dungeon)

   Int:       It affects your intelligence (+5).
   MP:        It affects your magic capacity (+10).
   Will:      It increases your willpower.
Jewellery
 h - an amulet of faith
 n - a +4 ring of protection
 x - a +4 ring of slaying (left claw)
 y - a +4 ring of slaying (right claw)
 C - an amulet of the acrobat
 I - a +6 ring of intelligence
 N - a ring of see invisible
 P - a ring of ice
Wands
 k - a wand of digging (15)
 r - a wand of iceblast (14)
 A - a wand of paralysis (12)
 H - a wand of flame (3)
 M - a wand of acid (7)
Scrolls
 i - 3 scrolls of fog
 j - 5 scrolls of enchant armour
 m - 4 scrolls of teleportation
 s - 2 scrolls of blinking
 z - 2 scrolls of fear
 F - a scroll of silence
 G - a scroll of enchant weapon
 S - a scroll of brand weapon
Potions
 b - 3 potions of might
 c - 3 potions of mutation
 e - 2 potions of curing
 f - 2 potions of resistance
 l - a potion of attraction {unknown}
 t - a potion of invisibility
 u - a potion of cancellation {unknown}
 v - 6 potions of haste
 D - 2 potions of lignification
 K - a potion of flight {unknown}
 L - a potion of magic {unknown}


   Skills:
 - Level 10.0 Fighting
 - Level 8.0 Throwing
 - Level 6.0 Dodging
 + Level 13.1 Unarmed Combat
 - Level 6.0 Evocations


You had 11 spell levels left.
You didn't know any spells.
Your spell library was empty.

Dungeon Overview and Level Annotations

Branches:
Dungeon (13/15)            Temple (0/1) D:4            Lair (1/6) D:8
    Orc (0/2) D:12          Sewer (visited)
 Vaults: D:13-14

Altars:
Ashenzari
Cheibriados
Dithmenos
Makhleb
Sif Muna
Wu Jian
Zin

Shops:
D:1 (   D:12 *


Innate Abilities, Weirdness & Mutations

You are too large for most types of armour.
You have claws for hands.
Your natural rate of healing is unusually fast.
You are covered in fur. (AC +1)
You have tough skin. (AC +1)


Message History

The seven-headed hydra barely misses you. x2
The bullfrog barely misses you.
Throw: 6 large rocks
Press: ? - help, Q - select action, (/) - cycle Shift-Dir - straight line, f/p - seven-headed hydra
Aim: a seven-headed hydra (severely wounded, 85% to hit)
You throw a large rock.
The large rock barely misses the seven-headed hydra.
The seven-headed hydra bites you! x2
The seven-headed hydra closely misses you. x2
The seven-headed hydra misses you.
The seven-headed hydra bites you but does no damage.
The seven-headed hydra bites you!
The bullfrog hits you but does no damage.
The bullfrog barely misses you. The seven-headed hydra bites you!
The seven-headed hydra barely misses you.
The seven-headed hydra bites you! x2
The seven-headed hydra bites you but does no damage.
The seven-headed hydra bites you! The seven-headed hydra bites you.
Throw: 5 large rocks
Press: ? - help, Q - select action, (/) - cycle Shift-Dir - straight line, f/p - seven-headed hydra
Aim: a seven-headed hydra (severely wounded, 85% to hit)
You throw a large rock.
The large rock hits the seven-headed hydra!
The seven-headed hydra is almost dead.
The bullfrog hits you.
* * * LOW HITPOINT WARNING * * *
The seven-headed hydra bites you!
* * * LOW HITPOINT WARNING * * *
The seven-headed hydra bites you.
* * * LOW HITPOINT WARNING * * *
The seven-headed hydra bites you!
* * * LOW HITPOINT WARNING * * *
The seven-headed hydra bites you.
* * * LOW HITPOINT WARNING * * *
The seven-headed hydra bites you!
* * * LOW HITPOINT WARNING * * *
The seven-headed hydra bites you.
* * * LOW HITPOINT WARNING * * *
The seven-headed hydra bites you!
You die...

#.#.. (........
#.... .........
.....##.
........# ....#
## .........
#... ...(....#
...# #
........### #..#
#
..>...DF#.##..#
# .......@.#...#
## ............#
#. .....####..##
##. .... ##.#
#.. .## #..# ###
##.## #### #
##..#####P.###
#..###.......###
##.#............


You could see a seven-headed hydra and a bullfrog.

Vanquished Creatures
  Snorg (D:12)
  Josephine (D:10)
  Harold (D:8)
  Fannar (D:12)
  2 hydras (D:12)
  3 two-headed ogres
  3 death yaks
  Pikel (D:4)
  A manticore (D:11)
  2 slime creatures (D:8)
  2 cyclopes (D:12)
  2 gargoyles
  Psyche (D:11)
  2 komodo dragons
  An efreet (D:11)
  Sigmund (D:4)
  A vampire (D:9)
  6 wraiths
  6 yaks (D:5)
  2 shadows
  9 vampire mosquitoes
  An acid dragon (D:11)
  A water moccasin (D:5)
  Duvessa (D:4)
  10 orc warriors
  2 ice beasts
  2 necrophages (D:6)
  7 ogres
  8 centaurs
  A lemure (D:4)
  4 kobold brigands
  A phantom (D:5)
  4 bullfrogs
  A water moccasin zombie (D:5)
  2 scorpions
  Dowan (D:4)
  A water moccasin skeleton (D:4)
  19 killer bees
  12 wights (D:8)
  4 electric eels
  3 howler monkeys (D:5)
  2 bullfrog zombies
  4 hounds
  8 orc priests
  5 centaur zombies
  3 jellies
  5 gnoll shamans
  A centaur skeleton (D:7)
  Ijyb (D:3)
  2 iguanas (D:5)
  16 orc wizards
  A hell rat (D:8)
  A killer bee zombie (D:8)
  2 hound skeletons (D:4)
  31 gnolls
  A howler monkey skeleton (D:7)
  A howler monkey zombie (D:10)
  6 river rats
  10 adders
  2 shadow imps (D:5)
  A white imp (D:8)
  An ufetubus (D:4)
  A worm (D:4)
  8 dart slugs
  67 orcs
  13 ball pythons
  8 bats
  10 endoplasms
  11 giant cockroaches
  9 goblins
  10 hobgoblins
  15 jackals
  13 quokkas
  10 frilled lizards
  17 kobolds
  7 rats
437 creatures vanquished.

Vanquished Creatures (collateral kills)
  A centaur warrior (D:9)
  A two-headed ogre (D:9)
  A water moccasin (D:9)
  A centaur zombie (D:9)
4 creatures vanquished.

Vanquished Creatures (others)
  A dart slug (D:6)
  7 fungi
  18 plants
26 creatures vanquished.

Grand Total: 467 creatures vanquished

Notes
Turn   | Place    | Note
-------+----------+-------------------------------------------
     0 | D:1      | MisterFreud the Troll Berserker began the quest for the
                  | Orb.
     0 | D:1      | Reached XP level 1. HP: 22/22 MP: 0/0
   117 | D:1      | Found Iloseako's Weapon Emporium.
   117 | D:1      | Found a faded altar of an unknown god.
   145 | D:1      | Reached XP level 2. HP: 29/29 MP: 1/1
   488 | D:1      | Reached ** piety under Trog
   489 | D:1      | Reached XP level 3. HP: 36/36 MP: 2/2
   748 | D:2      | Found a broken altar of Ashenzari.
   949 | D:2      | Reached skill level 4 in Unarmed Combat
  1025 | D:2      | Reached XP level 4. HP: 44/44 MP: 3/3
  1477 | D:3      | Found a glowing drain.
  1497 | Sewer    | Entered a sewer
  1576 | Sewer    | Reached *** piety under Trog
  1609 | Sewer    | Reached skill level 5 in Unarmed Combat
  1645 | Sewer    | Reached XP level 5. HP: 52/52 MP: 4/4
  1801 | Sewer    | Reached skill level 6 in Unarmed Combat
  1804 | Sewer    | Reached XP level 6. HP: 59/59 MP: 5/5
  1892 | D:3      | Noticed Ijyb
  1909 | D:3      | Killed Ijyb
  2121 | D:3      | Reached skill level 7 in Unarmed Combat
  2135 | D:3      | Found an ornate altar of the Wu Jian Council.
  2205 | D:3      | Reached **** piety under Trog
  2602 | D:4      | Noticed Sigmund
  2619 | D:4      | Killed Sigmund
  2620 | D:4      | Reached XP level 7. HP: 66/66 MP: 6/6
  2693 | D:4      | Noticed Pikel
  2694 | D:4      | Noticed Dowan
  2701 | D:4      | Noticed Duvessa
  2711 | D:4      | Killed Pikel
  2712 | D:4      | Reached skill level 8 in Unarmed Combat
  2712 | D:4      | Reached skill level 5 in Fighting
  2712 | D:4      | Reached XP level 8. HP: 80/80 MP: 7/7
  2718 | D:4      | Killed Duvessa
  2731 | D:4      | Killed Dowan
  2926 | D:4      | Found a glowing silver altar of Zin.
  3122 | D:4      | Found a shadowy altar of Dithmenos.
  3250 | D:4      | Found a staircase to the Ecumenical Temple.
  3300 | D:5      | Entered Level 5 of the Dungeon
  3573 | D:5      | Reached skill level 5 in Dodging
  3765 | D:5      | Reached XP level 9. HP: 52/89 MP: 8/8
  3835 | D:5      | Reached skill level 1 in Throwing
  3886 | D:5      | Reached skill level 5 in Throwing
  4209 | D:5      | Reached ***** piety under Trog
  4260 | D:5      | Reached skill level 9 in Unarmed Combat
  4723 | D:6      | Reached skill level 10 in Unarmed Combat
  4909 | D:6      | Found a burning altar of Makhleb.
  4951 | D:6      | Reached XP level 10. HP: 92/98 MP: 9/9
  4963 | D:6      | Found a snail-covered altar of Cheibriados.
  5629 | D:8      | Noticed a death yak
  5629 | D:8      | Noticed a death yak
  5629 | D:8      | Found a staircase to the Lair.
  5630 | D:8      | Noticed a death yak
  5641 | D:7      | Killed a death yak
  5642 | D:7      | Reached skill level 11 in Unarmed Combat
  5798 | D:8      | Noticed Harold
  5807 | D:8      | Killed Harold
  5847 | D:8      | Killed a death yak
  5848 | D:8      | Reached skill level 12 in Unarmed Combat
  5856 | D:8      | Killed a death yak
  5856 | D:8      | Received a gift from Trog
  5960 | D:8      | Reached XP level 11. HP: 23/107 MP: 10/10
  6679 | D:9      | Noticed a two-headed ogre
  6686 | D:9      | Killed a two-headed ogre
  7005 | D:9      | Found a shimmering blue altar of Sif Muna.
  7101 | D:9      | Noticed a two-headed ogre
  7121 | D:9      | Noticed a centaur warrior
  7128 | D:9      | HP: 4/110 [centaur warrior (4)]
  7128 | D:9      | Killed a centaur warrior
  7138 | D:9      | Killed a two-headed ogre
  7235 | D:9      | Found the +3 hat of Pondering {ponderous, Will+ MP+10
                  | Int+5}
  7290 | D:9      | Received a gift from Trog
  7546 | D:9      | Noticed a two-headed ogre
  7550 | D:9      | Killed a two-headed ogre
  7762 | D:10     | Entered Level 10 of the Dungeon
  8209 | D:10     | Noticed Josephine
  8219 | D:10     | Killed Josephine
  8438 | D:10     | Reached skill level 10 in Fighting
  8457 | D:10     | Reached XP level 12. HP: 102/126 MP: 11/11
  8535 | D:10     | Reached skill level 1 in Evocations
  9535 | D:11     | Noticed Psyche
  9540 | D:11     | Killed Psyche
  9689 | D:11     | Received a gift from Trog
  9908 | D:12     | Noticed Snorg
  9918 | D:12     | Killed Snorg
  9919 | D:12     | Reached skill level 5 in Evocations
  9925 | D:12     | Noticed a six-headed hydra
 10132 | D:12     | Noticed a five-headed hydra
 10139 | D:12     | Killed a five-headed hydra
 10206 | D:12     | Noticed Fannar
 10214 | D:12     | Killed Fannar
 10348 | D:12     | Found Fuxzacef's Assorted Antiques.
 10502 | D:12     | Noticed a two-headed ogre
 10508 | D:12     | Killed a two-headed ogre
 10555 | D:12     | Found a staircase to the Orcish Mines.
 10945 | D:12     | Killed a six-headed hydra
 10962 | D:12     | Reached skill level 13 in Unarmed Combat
 11236 | Lair:1   | Entered Level 1 of the Lair of Beasts
 11311 | Lair:1   | Identified a scroll of acquirement
 11311 | Lair:1   | Acquired a manual of Unarmed Combat
 11421 | Lair:1   | Noticed a seven-headed hydra
 11427 | Lair:1   | HP: 2/126 [seven-headed hydra (5)]
 11427 | Lair:1   | Mangled by a seven-headed hydra

Illustrated notes

Levels and vault maps discovered:
D:1:      dpeg_arrival_rooms_b, layout_loops_cross,
          ebering_ecumenical_altar_webs, serial_shops, nicolae_shop_statue_plus
D:2:      layout_loops_ring, basic_altar, corexii_item_surrounded_by_moat
D:3:      layout_basic, nzn_wu_jian_council_hall, portal_sewer_entry_a,
          uniq_ijyb
D:4:      layout_basic, mainiacjoe_overflow_small_starburst,
          nicolae_dithmenos_through_a_glass_darkly,
          minmay_temple_entry_poolview, minmay_misc_feat_diagonals,
          uniq_sigmund, uniq_duvessa, uniq_pikel
D:5:      lemuel_castle_with_subvaults [lemuel_castle_interior_carwin_3],
          layout_basic, grunt_ministairs_15
D:6:      kennysheep_slugbush, layout_rooms, lemuel_coloured_pillars_altar,
          mainiacjoe_overflow_24_doors
D:7:      layout_rooms
D:8:      layout_loops_ring, dpeg_lair_monsters, uniq_harold
D:9:      layout_roguey, kennysheep_orc_sif_temple, grunt_potential
D:10:     kennysheep_seaside_town, layout_basic, uniq_josephine
D:11:     layout_loops_ring, minmay_splitting_lines, uniq_psyche
D:12:     layout_loops_corners, hiddenorc2_lemuel, serial_shops,
          nicolae_take_the_stairs, uniq_snorg, uniq_fannar
D:13:     layout_irregular_city, lemuel_freeze_loot_1
Lair:1:   minmay_guarded_unrand_snakebite, layout_cave_pods, disabler_island,
          serial_bayou_shore_a

Skill      XL: |  1  2  3  4  5  6  7  8  9 10 11 12 |
---------------+-------------------------------------+-----
Dodging        | 3 6 |  6.0
Unarmed Combat | 4 5 6 7 8 10 12 13 | 13.1
Fighting       | 5 6 10 | 10.0
Throwing       | 5 6 8 |  8.0
Evocations     | 6 |  6.0

Action                   |  1- 3 |  4- 6 |  7- 9 | 10-12 || total
-------------------------+-------+-------+-------+-------++-------
Melee: Unarmed           |   104 |   203 |   271 |   518 ||  1096
       Punch             |     1 |     5 |    11 |    36 ||    53
Throw: Large rock        |       |       |       |    10 ||    10
Invok: Berserk           |       |     2 |     2 |     7 ||    11
       Trog's Hand       |       |       |     1 |     1 ||     2
       Brothers in Arms  |       |       |       |     1 ||     1
Evoke: Wand              |       |       |     2 |     4 ||     6
  Use: Scroll            |       |     9 |       |    13 ||    22
       Potion            |       |       |       |     1 ||     1
 Stab: Distracted        |       |       |     1 |       ||     1
       Sleeping          |       |       |       |     1 ||     1
Armor: Animal skin       |    48 |    81 |   103 |   137 ||   369
Dodge: Dodged            |    71 |   118 |   156 |   289 ||   634
